 Dungeon Crawl Stone Soup version 0.32-a0-643-ga006e7742e (console) character file.

Game seed: 2950329501362359746

2907 jejorda2 the Spear-Bearer (level 9, -12/69 HPs)
             Began as a Coglin Berserker on Mar 7, 2024.
             Was an Elder of Trog.
             Mangled by a hornet (14 damage)
             ... on level 6 of the Dungeon.
             The game lasted 00:10:58 (5759 turns).

jejorda2 the Spear-Bearer (Coglin Berserker)        Turns: 5759, Time: 00:11:00

Health: -12/69     AC:  9    Str: 22    XL:     9   Next: 78%
Magic:  9/9        EV:  9    Int:  6    God:    Trog [****..]
Gold:   281        SH:  0    Dex: 14    Spells: 8/8 levels left

rFire   . . .        a - +0 trident {Yan}
rCold   . . .        y - +0 trident {Hong}
rNeg    . . .        r - +0 chain mail
rPois   .            (no helmet)
rElec   .            l - +0 cloak
rCorr   .            (no gloves)
SInv    .            (no boots)
Will    +++..        (amulet unavailable) Stlth
                     (ring unavailable)
HPRegen 1.31/turn    (ring unavailable)
MPRegen 0.11/turn    (no gizmo)

%: no passive effects
@: lethally poisoned (-12 -> -13), strong-willed, on berserk cooldown,
enlightened, flying, regenerating, slowed, revving, very slow
A: off-hand wielding, slow wielding, warmup strikes, no jewellery
a: Invent Gizmo, Renounce Religion, Berserk, Trog's Hand, Brothers in Arms


You were on level 6 of the Dungeon.
You worshipped Trog.
Trog was greatly pleased with you.
You visited 1 branch of the dungeon, and saw 6 of its levels.

You collected 281 gold pieces.

Inventory:

Hand Weapons
 a - a +0 trident (weapon) {Yan}
 y - a +0 trident (offhand) {Hong}
Missiles
 u - 5 poisoned darts (quivered)
 v - 2 boomerangs
Armour
 l - a +0 cloak (worn)
 r - a +0 chain mail (worn)
Wands
 c - a wand of mindburst (10)
 k - a wand of acid (7)
 q - a wand of flame (22)
Scrolls
 d - 3 scrolls of fear {unknown}
 f - a scroll of poison {unknown}
 g - 3 scrolls of identify {unknown}
 h - a scroll of acquirement {unknown}
 m - 4 scrolls of teleportation {unknown}
 o - a scroll of noise {unknown}
 s - 3 scrolls of immolation {unknown}
 t - a scroll of vulnerability {unknown}
 w - a scroll of revelation {unknown}
 x - a scroll of enchant armour {unknown}
Potions
 b - a potion of experience {unknown}
 e - a potion of cancellation {unknown}
 i - a potion of enlightenment
 j - a potion of magic {unknown}
 n - 2 potions of mutation {unknown}
 p - a potion of heal wounds {unknown}


   Skills:
 - Level 6.0 Fighting
 * Level 10.6 Polearms
 - Level 1.7 Armour
 - Level 1.7 Dodging
 - Level 6.0 Evocations


You had 8 spell levels left.
You didn't know any spells.
Your spell library was empty.

Dungeon Overview and Level Annotations

Branches:
Dungeon (6/15)
 Temple: D:4-7

Altars:
Gozag
Ru

Shops:
D:4 =

Annotations:
D:1 1 transporter


Innate Abilities, Weirdness & Mutations

You can wield a second weapon in your off-hand.
It takes a long time for you to wield or remove held weapons.
Your first few attacks do less damage.
You cannot equip rings or amulets.


Message History

A hornet is nearby!
Aiming: Mindburst
Press: ? - help, Shift-Dir - straight line, f - hornet
Aim: a hornet (wandering, hasn't noticed you, chance to affect: 78%)
The hornet buzzes angrily.
The hornet's mind is blasted!
The hornet closely misses you.
You barely miss the hornet with your +0 trident.
The hornet is heavily wounded.
You miss the hornet with your +0 trident.
The hornet closely misses you.
You hit the hornet with your +0 trident.
The hornet is heavily wounded.
You miss the hornet with your +0 trident.
The hornet barely misses you. The hornet stings you.
* * * LOW HITPOINT WARNING * * *
You feel as though you will be slow longer.
You hit the hornet with your +0 trident.
The hornet is heavily wounded.
You closely miss the hornet with your +0 trident.
The hornet stings you.
* * * LOW HITPOINT WARNING * * *
You suddenly lose the ability to move!
The hornet stings you!
* * * LOW HITPOINT WARNING * * *
You feel as though you will be slow longer.
The hornet barely misses you.
The hornet stings you but does no damage.
The hornet stings you.
* * * LOW HITPOINT WARNING * * *
You are poisoned.
You feel as though you will be slow longer.
You can move again.
Unknown command.
Unknown command.
It was a potion of enlightenment.
You feel very buoyant.
You fly up into the air.
* * * LOW HITPOINT WARNING * * *
You feel very sick. The hornet stings you!
You die...

#..##.....# ##.##
.......#### #..#
##.###...######.#
#.# ###.....##.#
#.# ##.......#.##
#.#
#.#####.....#####
#.# ###.
##..###...## #.##
....#####.....#
#..###
#.....y@..#..#
##..^#
....##'##.....#
##..##. #..
##...##
###....##. #...
##.##
.....#..#.#...Y
#.#
...#.#..#.#...c
#.#
..>#.#..#.#l.Y.
#.#
####.####.##.yg
##.## #.###...##
##...##


You could see a hornet.

Vanquished Creatures
  6 yaks (D:6)
  A vampire mosquito (D:6)
  A sky beast (D:5)
  2 ice beasts
  2 ogres (D:5)
  3 centaurs
  A phantom (D:4)
  A kobold brigand (D:6)
  Blork the orc (D:6)
  A scorpion (D:5)
  2 bombardier beetles
  A gnoll bouda (D:4)
  An orc priest (D:5)
  Crazy Yiuf (D:3)
  3 hounds
  4 jellies
  4 iguanas
  3 sleepcaps
  5 orc wizards
  5 adders
  5 gnolls
  A white imp (D:6)
  2 ufetubi (D:6)
  2 ribbon worms (D:3)
  4 dart slugs
  31 orcs
  6 ball pythons
  3 bats
  8 endoplasms
  3 giant cockroaches
  9 goblins
  7 hobgoblins
  3 jackals (D:3)
  6 quokkas
  4 frilled lizards
  12 kobolds
  7 rats
161 creatures vanquished.

Notes
Turn   | Place    | Note
-------+----------+-------------------------------------------
     0 | D:1      | jejorda2 the Coglin Berserker began the quest for the Orb.
     0 | D:1      | Reached XP level 1. HP: 18/18 MP: 1/1
   102 | D:1      | Reached skill level 3 in Polearms
   108 | D:1      | Reached XP level 2. HP: 19/24 MP: 2/2
  1010 | D:2      | Reached XP level 3. HP: 29/29 MP: 3/3
  1042 | D:2      | Found a faded altar of an unknown god.
  1326 | D:2      | Reached ** piety under Trog
  1550 | D:3      | Reached XP level 4. HP: 28/37 MP: 4/4
  1602 | D:2      | Reached skill level 4 in Polearms
  1851 | D:3      | Found a sacrificial altar of Ru.
  2111 | D:3      | Found a runed translucent door.
  2112 | D:3      | Noticed Crazy Yiuf
  2118 | D:3      | Killed Crazy Yiuf
  2119 | D:3      | Reached XP level 5. HP: 42/42 MP: 5/5
  2516 | D:4      | Noticed a phantom
  2528 | D:4      | Killed a phantom
  2529 | D:4      | Reached skill level 5 in Polearms
  2529 | D:4      | Reached XP level 6. HP: 43/49 MP: 6/6
  2651 | D:4      | Reached *** piety under Trog
  2979 | D:4      | Reached skill level 5 in Fighting
  2979 | D:4      | Reached XP level 7. HP: 51/56 MP: 7/7
  3028 | D:4      | Found Leosudd's One-of-a-Kind Rings.
  3096 | D:4      | Reached skill level 6 in Polearms
  3962 | D:5      | Entered Level 5 of the Dungeon
  4152 | D:5      | Found an opulent altar of Gozag.
  4382 | D:5      | Reached skill level 7 in Polearms
  4382 | D:5      | Reached XP level 8. HP: 56/64 MP: 8/8
  4595 | D:5      | Reached skill level 1 in Evocations
  4894 | D:5      | Reached **** piety under Trog
  5234 | D:6      | Reached skill level 8 in Polearms
  5701 | D:6      | Noticed a yak
  5701 | D:6      | Noticed a yak
  5701 | D:6      | Noticed a yak
  5701 | D:6      | Noticed a yak
  5701 | D:6      | Noticed a yak
  5701 | D:6      | Noticed a hornet
  5701 | D:6      | Noticed a yak
  5703 | D:6      | Noticed Blork the orc
  5708 | D:6      | Reached XP level 9. HP: 69/69 MP: 9/9
  5714 | D:6      | Reached skill level 9 in Polearms
  5714 | D:6      | Reached skill level 5 in Evocations
  5735 | D:6      | Reached skill level 10 in Polearms
  5749 | D:6      | Killed Blork the orc
  5756 | D:6      | Paralysed by a hornet for 3 turns
  5758 | D:6      | HP: 3/69 [hornet (6)]
  5759 | D:6      | Mangled by a hornet

Illustrated notes

Levels and vault maps discovered:
D:1:      spicycebolla_arrival_risky_transporter, layout_basic, st_stairs_10
D:2:      layout_basic, chequers_ecumenical_altar_island,
          guppyfry_early_orc_mine
D:3:      layout_rooms, mainiacjoe_overflow_concentric_impassable,
          uniq_crazy_yiuf_cottage
D:4:      layout_layer_cave, nicolae_shop_unique_rings
D:5:      layout_basic, mainiacjoe_overflow_brackets, saegor_snake_ambush
D:6:      minmay_octagon_keep, layout_rooms, uniq_blork_the_orc

Skill      XL: |  1  2  3  4  5  6  7  8  9 |
---------------+----------------------------+-----
Polearms       | 3 4 5 7 8 10 | 10.6
Fighting       | 4 5 6 |  6.0
Evocations     | 4 6 |  6.0
Armour         | |  1.7
Dodging        | |  1.7

Action                     |  1- 3 |  4- 6 |  7- 9 || total
---------------------------+-------+-------+-------++-------
  Melee: Spear             |    88 |   156 |   138 ||   382
         Dagger            |    66 |    34 |       ||   100
         Trident           |       |    47 |   281 ||   328
  Throw: Dart              |       |       |     2 ||     2
 Invoke: Berserk           |       |     2 |     5 ||     7
         Trog's Hand       |       |       |     4 ||     4
  Evoke: Wand              |       |       |     1 ||     1
    Use: Potion            |       |       |     1 ||     1
 Armour: Animal skin       |     1 |       |       ||     1
         Ring mail         |    39 |    46 |       ||    85
         Chain mail        |       |    47 |   124 ||   171
  Dodge: Dodged            |    29 |    50 |    57 ||   136

Table legend: (Time is in decaauts)
 A = Elapsed time spent in this place.
 B = Non-inter-level travel time spent in this place.
 C = Inter-level travel time spent in this place.
 D = Time resting spent in this place.
 E = Time spent auto-exploring this place.
 F = Levels seen in this place.
 G = Mean time per level.
                   A        B        C        D        E       F      G
               +--------+--------+--------+--------+--------+-----+--------+
         Total |   5798 |   5583 |    215 |    455 |   4171 |   6 |  966.3 |
       Dungeon |   5798 |   5583 |    215 |    455 |   4171 |   6 |  966.3 |
               +--------+--------+--------+--------+--------+-----+--------+

Top non-repeatable levels by time:
     D:4: 1677 daAuts
     D:5: 1278 daAuts
     D:1: 996 daAuts
     D:3: 675 daAuts
     D:2: 620 daAuts
     D:6: 549 daAuts
